 Dungeon Crawl Stone Soup version 0.26-a0-599-gc8f6553 (webtiles) character file.

Game seed: 4789212400376775814

61 B1Gdaddy5 the Vexing (level 3, -12/18 HPs)
             Began as a Spriggan Arcane Marksman on Aug 29, 2020.
             Engulfed by a cloud of flame (15 damage)
             ... on level 2 of the Dungeon.
             The game lasted 00:20:20 (1329 turns).

B1Gdaddy5 the Vexing (Spriggan Arcane Marksman)     Turns: 1329, Time: 00:20:21

Health: -12/18     AC:  2    Str:  6    XL:     3   Next: 83%
Magic:  5/7        EV: 18    Int: 15    God:
Gold:   21         SH:  0    Dex: 16    Spells: 0/6 levels left

rFire    . . .     SeeInvis +   a - +0 shortbow
rCold    . . .     Faith    .   (shield currently unavailable)
rNeg     . . .     Spirit   .   e - +0 robe
rPois    .         Reflect  .   (helmet restricted)
rElec    .         Harm     .   (no cloak)
rCorr    .                      (gloves unavailable)
MR       .....                  (boots unavailable)
Stlth    ++........             (no amulet)
HPRegen  0.06/turn              f - ring of flight
MPRegen  0.10/turn              (no ring)

@: very quick
A: very small, unfitting armour, see invisible, speed 3
a: Evoke Flight


You were on level 2 of the Dungeon.
You visited 1 branch of the dungeon, and saw 2 of its levels.

You collected 21 gold pieces.

Inventory:

Hand Weapons
 a - a +0 shortbow (weapon)
 c - a +0 short sword
 g - a +0 hunting sling of flaming
Missiles
 d - an arrow (quivered)
Armour
 e - a +0 robe (worn)
 i - a +0 pair of gloves
Jewellery
 f - a ring of flight (left hand)
Potions
 b - 2 potions of flight {unknown}
 h - a potion of stabbing {unknown}


   Skills:
 + Level 1.0 Fighting
 + Level 3.6 Bows
 + Level 3.1 Dodging
 + Level 0.1 Stealth
 + Level 2.2 Spellcasting
 + Level 4.6 Hexes


You couldn't memorise any spells.
You knew the following spells:

 Your Spells              Type           Power        Failure   Level
a - Corona                Hex            ###....      3%          1
b - Slow                  Hex            ###.....     4%          2
c - Inner Flame           Hex/Fire       #.......     26%         3

Your spell library contained the following spells:

 Spells                   Type           Power        Failure   Level
 Portal Projectile        Hex/Tloc       #.....       26%         3
 Cause Fear               Hex            ###.......   32%         4
 Leda's Liquefaction      Hex/Erth       #.........   63%         4


Dungeon Overview and Level Annotations

Branches:
Dungeon (2/15)

Altars:


Innate Abilities, Weirdness & Mutations

You are very small and have problems with some larger weapons.
You are too small for most types of armour.
You have supernaturally acute eyesight. (SInv)
You cover ground extremely quickly.


Message History

The arrow hits the leopard gecko but does no damage.
The leopard gecko misses you.
A rat comes into view.
Firing (i - inventory)
d - 3 arrows (quivered)
Press: ? - help, Shift-Dir - straight line, f/p - leopard gecko
Aim: a leopard gecko (inner flame)
You shoot an arrow.
The arrow hits the leopard gecko but does no damage.
The leopard gecko bites you.
Firing (i - inventory)
d - 2 arrows (quivered)
Press: ? - help, Shift-Dir - straight line, f/p - leopard gecko
Aim: a leopard gecko (inner flame)
You shoot an arrow. The arrow hits the leopard gecko.
The leopard gecko explodes!
The fiery explosion engulfs you!
Ouch! That really hurt!
* * * LOW HITPOINT WARNING * * *
You are engulfed in blazing flames.
Ouch! That really hurt!
You die...

###### ###.§§§#
#...@.§#
#.....<#
#......(......#
#....#...r.##.#
#....#...l#..
#.....#..#.....
#......###.....
.<..... .. .
#... #..


You could see a leopard gecko and a rat.

Vanquished Creatures
  A howler monkey (D:1)
  3 dart slugs (D:1)
  2 leopard geckos
  2 bats (D:1)
  A hobgoblin (D:1)
  2 kobolds (D:1)
  A ball python (D:1)
  2 frilled lizards (D:1)
  3 goblins (D:1)
  2 rats (D:1)
19 creatures vanquished.

Notes
Turn   | Place    | Note
-------+----------+-------------------------------------------
     0 | D:1      | B1Gdaddy5 the Spriggan Arcane Marksman began the quest for
                  | the Orb.
     0 | D:1      | Reached XP level 1. HP: 9/9 MP: 3/3
   187 | D:1      | Reached XP level 2. HP: 14/14 MP: 5/5
   212 | D:1      | Learned a level 2 spell: Slow
   303 | D:1      | Reached skill level 4 in Hexes
   995 | D:2      | Noticed a howler monkey
  1025 | D:1      | Killed a howler monkey
  1025 | D:1      | Reached skill level 1 in Fighting
  1025 | D:1      | Reached XP level 3. HP: 1/18 MP: 0/7
  1313 | D:1      | Learned a level 3 spell: Inner Flame
  1329 | D:2      | Engulfed by a cloud of flame

Illustrated notes

Levels and vault maps discovered:
D:1:      dpeg_arrival_connections, layout_loops_ring
D:2:      layout_basic, minmay_misc_feat_chi, minmay_nonomino_d4, uniq_jessica,
          uniq_natasha

Skill      XL: |  1  2 |
---------------+-------+-----
Bows           | 3 |  3.6
Hexes          | 4 |  4.6
Fighting       | 1 |  1.0
Spellcasting   | 2 |  2.2
Dodging        | |  3.1
Stealth        | |  0.1

Action                   || total
-------------------------++-------
 Fire: Shortbow          ||    57
 Cast: Corona            ||    11
       Slow              ||    10
       Inner Flame       ||     1
Armor: Robe              ||     1
Dodge: Dodged            ||    26

Table legend: (Time is in decaauts)
 A = Elapsed time spent in this place.
 B = Non-inter-level travel time spent in this place.
 C = Inter-level travel time spent in this place.
 D = Time resting spent in this place.
 E = Time spent auto-exploring this place.
 F = Levels seen in this place.
 G = Mean time per level.
                   A        B        C        D        E       F      G
               +--------+--------+--------+--------+--------+-----+--------+
         Total |   1054 |   1040 |     14 |    409 |    366 |   2 |  527.0 |
       Dungeon |   1054 |   1040 |     14 |    409 |    366 |   2 |  527.0 |
               +--------+--------+--------+--------+--------+-----+--------+

Top non-repeatable levels by time:
     D:1: 1029 daAuts
     D:2: 25 daAuts
